 Dungeon Sprint DCSS version 0.30.1-11-g7821555f0a (webtiles) character file.

Game seed: 7994536226206910049

4617 Groucho the Devastator (level 10, -13/52 HPs)
             Began as a Deep Elf Earth Elementalist on Dec 31, 2023.
             Was the Champion of Sif Muna.
             Mangled by an alligator snapping turtle (26 damage)
             ... in the Dungeon (Sprint VII: "The Pits").
             The game lasted 00:18:55 (5767 turns).

Groucho the Devastator (DEEE)                       Turns: 5767, Time: 00:18:56

Health: -13/52     AC:  6    Str:  5    XL:     10   Next: 19%
Magic:  26/26      EV: 13    Int: 25    God:    Sif Muna [******]
Gold:   0          SH:  0    Dex: 18    Spells: 3/29 levels left

rFire   . . .        h - +2 dagger
rCold   . . .        (no shield)
rNeg    . . .        a - +0 robe
rPois   .            (no helmet)
rElec   .            q - +0 cloak
rCorr   .            (no gloves)
SInv    .            (no boots)
Will    +....        (no amulet)
Stlth   +++          e - +3 ring of protection
HPRegen 0.28/turn    l - +3 ring of dexterity
MPRegen 0.20/turn

%: no teleportation
@: no status effects
A: no striking features
a: Renounce Religion, Channel Magic, Forget Spell, Divine Exegesis


You were in the Dungeon.
You worshipped Sif Muna.
Sif Muna was exalted by your worship.
You visited 1 branch

Inventory:

Hand Weapons
 h - a +2 dagger (weapon)
 o - a +2 rapier of electrocution
Armour
 a - a +0 robe (worn)
 p - a +5 ring mail
 q - a +0 cloak (worn)
Jewellery
 e - a +3 ring of protection (left hand)
 l - a +3 ring of dexterity (right hand)
Scrolls
 j - 5 scrolls of amnesia
 k - a scroll of butterflies
Potions
 b - 3 potions of magic
 c - 8 potions of curing
 d - 5 potions of heal wounds
 f - 5 potions of berserk rage
 g - a potion of flight {unknown}
 i - 2 potions of invisibility
 m - a potion of resistance
 n - a potion of brilliance


   Skills:
 + Level 1.3 Fighting
 + Level 1.8 Short Blades
 + Level 3.4 Dodging
 + Level 3.5 Stealth
 + Level 10.3 Spellcasting
 - Level 18.0 Conjurations
 - Level 10.0 Transmutations
 + Level 14.0 Earth Magic


You had 3 spell levels left.
You knew the following spells:

 Your Spells              Type           Power      Damage    Failure   Level
a - Sandblast             Erth           100%       2d20      0%          1
b - Stone Arrow           Conj/Erth      100%       3d13      1%          3
c - Petrify               Tmut/Erth      64%        N/A       1%          4
d - Iron Shot             Conj/Erth      37%        9d7       1%          6
e - Irradiate             Conj/Tmut      35%        3d23      1%          5
f - Orb of Destruction    Conj           40%        9d11      2%          7

Your spell library contained the following spells:

 Spells                   Type           Power      Damage    Failure   Level
 Magic Dart               Conj           100%       1d8       0%          1
 Shock                    Conj/Air       100%       1d9       1%          1
 Passwall                 Tmut/Erth      53%        N/A       1%          2
 Dazzling Flash           Conj/Hex       100%       N/A       1%          3
 Mephitic Cloud           Conj/Pois/Air  42%        N/A       1%          3
 Inner Flame              Hex/Fire       12%        N/A       14%         3
 Fulminant Prism          Conj/Hex       27%        3d14      1%          4
 Animate Armour           Summ/Erth      96%        N/A       2%          4
 Statue Form              Tmut/Erth      42%        N/A       5%          6
 Freezing Cloud           Conj/Ice/Air   21%        6-21      12%         5
 Conjure Ball Lightning   Conj/Air       27%        3x3d8     19%         6
 Starburst                Conj/Fire      27%        6d9       19%         6
 Lehudib's Crystal Spear  Conj/Erth      37%        10d9      41%         8
 Cause Fear               Hex            6%         N/A       43%         4
 Spellforged Servitor     Conj/Summ      27%        N/A       71%         7
 Metabolic Englaciation   Hex/Ice        6%         N/A       80%         5
 Storm Form               Tmut/Air       18%        N/A       99%         7
 Summon Cactus Giant      Summ           6%         N/A       100%        6
 Disjunction              Tloc           6%         N/A       100%        8


Dungeon Overview and Level Annotations

Branches:
Dungeon (1/1)

Altars:
Ashenzari
Cheibriados
Dithmenos
Elyvilon
Fedhas
Gozag
Hepliaklqana
Kikubaaqudgha
Makhleb
Nemelex Xobeh
Okawaru
Qazlal
Ru
Sif Muna
Trog
Uskayaw
Vehumet
Wu Jian
Xom
Yredelemnul
Zin
The Shining One
Jiyva
Lugonu


Message History

Confirm with . or Enter, or press ? or * to list all spells.
You don't have enough magic to cast this spell.
Unknown command.
Unknown command.
Unknown command.
Casting: Irradiate (dangerous; 1% risk of failure)
Confirm with . or Enter, or press ? or * to list all spells.
Aiming: Stone Arrow (safe; 1% risk of failure)
Press: ? - help, Shift-Dir - straight line, f/p - wind drake
Aim: a wind drake (severely wounded, repelling missiles, misshapen and mutated, 38% to hit)
The stone arrow hits the wind drake!!
You kill the wind drake!
Sif Muna accepts your kill.
Your Fighting skill increases to level 1!
Unknown command.
Unknown command.
You start resting.
Your magical contamination has completely faded away.
You start resting.
HP restored.
You start resting.
You start resting.
Magic restored.
You start waiting.
Done waiting.
Things that are here:
a +0 trident; a +0 scale mail You see here a +0 whip.
There is a huge open gate to the Metal Vault (Medium), spattered with blood here.
Casting: Stone Arrow (safe; 1% risk of failure)
Confirm with . or Enter, or press ? or * to list all spells.
You can't see any susceptible monsters within range! (Use Z to cast anyway.)
There is a huge open gate to the Metal Vault (Medium) here.
The alligator snapping turtle hisses angrily.
The alligator snapping turtle bites you from afar!!!
Ouch! That really hurt!
* * * LOW HITPOINT WARNING * * *
The alligator snapping turtle bites you!!
Ouch! That really hurt!
You die...

#......#..#......#
#......)))..)....#
####'#####''######
#.......##''# ##### ##
#.......##..## ...###..'
#.......##...##...##..#
#...<...###...##'##..##
#.......# ##....).....##
#.......###..###@###...# +##
#.......##..##..t..##..#..3#.
##########..'.......'..'...kt
##########..##.....##..#
...#..[[###..###'###...#
...#....# ##..........##
...'..).###...##)##..##
...#..))##...##...##..#
...#..))##..###...###..'


You could see an alligator snapping turtle.

Vanquished Creatures
  A boulder beetle (D)
  A lindwurm (D)
  Maurice (D)
  A smoke demon (D)
  Psyche (D)
  2 hellwings (D)
  A wind drake (D)
  A snapping turtle (D)
  A shadow (D)
  A fire elemental (D)
  A fire bat (D)
  A basilisk (D)
  Edmund (D)
  A redback (D)
  A warg (D)
  A floating eye (D)
  A black bear (D)
  An orc warrior (D)
  An ice beast (D)
  A centaur (D)
  2 gnoll sergeants (D)
  A scorpion (D)
  2 crimson imps (D)
  2 orc priests (D)
  A small abomination (D)
  An iguana (D)
  6 gnolls (D)
  An adder (D)
  A river rat (D)
  An adder zombie (D)
  An adder skeleton (D)
  6 orcs (D)
  An endoplasm (D)
  2 giant cockroaches (D)
  4 jackals (D)
  A kobold (D)
  2 ball pythons (D)
  A bat (D)
  A rat (D)
58 creatures vanquished.

Notes
Turn   | Place    | Note
-------+----------+-------------------------------------------
     0 | D        | Groucho the Deep Elf Earth Elementalist began the quest for
                  | the Orb.
     0 | D        | Reached XP level 1. HP: 10/10 MP: 6/6
     8 | D        | Noticed a floating eye
    11 | D        | Killed a floating eye
    12 | D        | Reached XP level 2. HP: 15/15 MP: 4/12
    12 | D        | Reached XP level 3. HP: 19/19 MP: 4/13
    12 | D        | Reached XP level 4. HP: 24/24 MP: 4/15
    38 | D        | Found a bloodstained altar of Trog.
    38 | D        | Found a shimmering blue altar of Sif Muna.
    38 | D        | Found a viscous altar of Jiyva.
    38 | D        | Found a hazy altar of Hepliaklqana.
    38 | D        | Found an opulent altar of Gozag.
    39 | D        | Found a glowing golden altar of the Shining One.
    39 | D        | Found a glowing silver altar of Zin.
    39 | D        | Found a basalt altar of Yredelemnul.
    39 | D        | Found a shimmering altar of Xom.
    39 | D        | Found an ornate altar of the Wu Jian Council.
    39 | D        | Found a sacrificial altar of Ru.
    39 | D        | Found a stormy altar of Qazlal.
    39 | D        | Found an iron altar of Okawaru.
    39 | D        | Found a sparkling altar of Nemelex Xobeh.
    39 | D        | Found a burning altar of Makhleb.
    39 | D        | Found a blossoming altar of Fedhas.
    39 | D        | Found a white marble altar of Elyvilon.
    39 | D        | Found a shadowy altar of Dithmenos.
    39 | D        | Found a snail-covered altar of Cheibriados.
    40 | D        | Found a radiant altar of Vehumet.
    40 | D        | Found a corrupted altar of Lugonu.
    41 | D        | Found an ancient bone altar of Kikubaaqudgha.
    41 | D        | Found a hide-covered altar of Uskayaw.
    41 | D        | Found a broken altar of Ashenzari.
    42 | D        | Became a worshipper of Sif Muna the Loreminder
    51 | D        | Learned a level 3 spell: Stone Arrow
    56 | D        | Learned a level 4 spell: Petrify
   237 | D        | Noticed a scorpion
   258 | D        | Killed a scorpion
   259 | D        | Reached skill level 3 in Conjurations
   259 | D        | Reached XP level 5. HP: 10/28 MP: 4/16
   658 | D        | Reached * piety under Sif Muna
   787 | D        | Reached skill level 4 in Conjurations
   790 | D        | Reached ** piety under Sif Muna
   795 | D        | Reached skill level 5 in Conjurations
   795 | D        | Reached skill level 10 in Earth Magic
  1366 | D        | Noticed an orc warrior
  1366 | D        | Noticed a black bear
  1382 | D        | Reached *** piety under Sif Muna
  1385 | D        | Reached skill level 7 in Conjurations
  1386 | D        | Killed a black bear
  1387 | D        | Reached skill level 9 in Conjurations
  1387 | D        | Reached XP level 6. HP: 32/32 MP: 7/18
  1396 | D        | Reached **** piety under Sif Muna
  1402 | D        | Killed an orc warrior
  1403 | D        | Reached skill level 11 in Conjurations
  1527 | D        | Reached ***** piety under Sif Muna
  1527 | D        | Received a gift from Sif Muna
  1528 | D        | Got Sif Muna's Discourse on Assistive Blasts {god gift}
  1536 | D        | Learned a level 6 spell: Iron Shot
  1547 | D        | Noticed a fire bat
  1553 | D        | Killed a fire bat
  1554 | D        | Reached XP level 7. HP: 20/36 MP: 13/20
  1821 | D        | Reached skill level 12 in Conjurations
  1960 | D        | Noticed a shadow
  1962 | D        | Killed a shadow
  2185 | D        | Noticed Edmund
  2189 | D        | Killed Edmund
  2190 | D        | Reached skill level 5 in Transmutations
  2192 | D        | Reached XP level 8. HP: 28/41 MP: 4/23
  2780 | D        | Received a gift from Sif Muna
  2781 | D        | Got Gunorgh's Disquisition on Tephra and Clouds {god gift}
  2919 | D        | Reached skill level 10 in Spellcasting
  2919 | D        | Reached skill level 13 in Conjurations
  3213 | D        | Received a gift from Sif Muna
  3214 | D        | Got Sif Muna's Enchiridion on Excruciating Wanderlust {god
                  | gift}
  3221 | D        | Learned a level 5 spell: Irradiate
  3229 | D        | Learned a level 7 spell: Orb of Destruction
  3459 | D        | Noticed a snapping turtle
  3782 | D        | Killed a snapping turtle
  4209 | D        | Noticed Maurice
  4214 | D        | Killed Maurice
  4215 | D        | Reached skill level 14 in Conjurations
  4217 | D        | Received a gift from Sif Muna
  4218 | D        | Reached XP level 9. HP: 45/45 MP: 7/25
  4316 | D        | Noticed a smoke demon
  4318 | D        | Noticed a boulder beetle
  4339 | D        | Killed a smoke demon
  4438 | D        | Killed a boulder beetle
  4439 | D        | Reached skill level 15 in Conjurations
  4439 | D        | Reached skill level 10 in Transmutations
  4827 | D        | Noticed a lindwurm
  4833 | D        | Killed a lindwurm
  4833 | D        | Reached ****** piety under Sif Muna
  4833 | D        | Received a gift from Sif Muna
  4834 | D        | Reached skill level 16 in Conjurations
  4836 | D        | Got Sif Muna's Directory of the Brilliant Nimbus {god gift}
  5081 | D        | Noticed a hellwing
  5082 | D        | Noticed Psyche
  5082 | D        | Noticed a hellwing
  5086 | D        | Killed Psyche
  5087 | D        | Reached skill level 17 in Conjurations
  5087 | D        | Reached XP level 10. HP: 44/50 MP: 13/26
  5098 | D        | Reached skill level 18 in Conjurations
  5098 | D        | Reached skill level 1 in Short Blades
  5372 | D        | Received a gift from Sif Muna
  5372 | D        | Noticed an alligator snapping turtle
  5373 | D        | Got Sif Muna's Tome of Hindering Momentum {god gift}
  5375 | D        | Noticed a smoke demon
  5533 | D        | Reached skill level 1 in Fighting
  5767 | D        | Mangled by an alligator snapping turtle

Illustrated notes

Levels and vault maps discovered:
D:        pitsprint [storerooms_1, entrance_room_1, metal_vault_5, armoury_1,
          mini_pit_1, grid_room_1, main_hall_1, silver_pit, the_coven_1,
          the_vestibule_1, steel_vault_4, golden_pit, hallway_of_sentries,
          crystal_vault_6, iron_vault_3, final_vault]

Skill      XL: |  1  2  3  4  5  6  7  8  9 10 |
---------------+-------------------------------+-----
Spellcasting   | 7 9 10 | 10.3
Earth Magic    | 8 9 10 11 13 14 | 14.0
Conjurations   | 3 9 11 12 14 17 18 | 18.0
Transmutations | 3 5 8 10 | 10.0
Short Blades   | 1 |  1.8
Stealth        | 3 |  3.5
Dodging        | 3 |  3.4
Fighting       | 1 |  1.3

Action                     |  1- 3 |  4- 6 |  7- 9 | 10-12 || total
---------------------------+-------+-------+-------+-------++-------
   Cast: Sandblast         |     2 |     8 |    11 |     3 ||    24
         Stone Arrow       |       |    24 |    61 |    10 ||    95
         Iron Shot         |       |       |     3 |     3 ||     6
         Irradiate         |       |       |       |     1 ||     1
    Use: Potion            |       |     3 |     4 |     2 ||     9
         Scroll            |       |       |     1 |       ||     1
 Armour: Robe              |       |     1 |     8 |     9 ||    18
  Dodge: Dodged            |       |     4 |    15 |    17 ||    36
